 Dungeon Crawl Stone Soup version 0.25-a0-294-gea9b1ad (webtiles) character file.

Game seed: 1655983307388350414, levelgen mode: deterministic

161 15 the Gusty (level 5, 0/29 HPs)
             Began as a Tengu Air Elementalist on Dec 17, 2019.
             Succumbed to a worker ant's poison
             ... on level 5 of the Dungeon on Dec 18, 2019.
             The game lasted 00:14:41 (2204 turns).

15 the Gusty (Tengu Air Elementalist)               Turns: 2204, Time: 00:14:41

Health: 0/29       AC:  3    Str: 10    XL:     5   Next: 42%
Magic:  6/9        EV: 18    Int: 20    God:
Gold:   75         SH:  0    Dex: 19    Spells: 3/9 levels left

rFire    . . .     SeeInvis .   r - +3 flail
rCold    . . .     Gourm    .   (no shield)
rNeg     . . .     Faith    .   a - +0 robe
rPois    .         Spirit   .   (helmet restricted)
rElec    .         Reflect  .   (no cloak)
rCorr    .         Harm     .   d - +0 pair of gloves (curse)
MR       .....                  (boots unavailable)
Stlth    +++.......             (no amulet)
HPRegen  0.09/turn              (no ring)
MPRegen  0.11/turn              (no ring)

@: brilliant, agile, lethally poisoned (0 -> -3), hasted, very quick
A: beak, talons 3, able to fly
a: Fly


You were on level 5 of the Dungeon.
You were not hungry.

You visited 1 branch of the dungeon, and saw 4 of its levels.

You collected 75 gold pieces.

Inventory:

Hand Weapons
 f - a +0 spear
 g - a +1 hunting sling of freezing
 k - a +0 short sword
 r - a +3 flail (weapon)
Missiles
 e - 40 stones (quivered)
Armour
 a - a +0 robe (worn)
 d - a cursed +0 pair of gloves (worn)
Scrolls
 i - a scroll of amnesia {unknown}
 j - a scroll of teleportation {unknown}
 m - a scroll of remove curse
Potions
 h - a potion of cancellation
 o - a potion of magic
Comestibles
 c - 9 rations
 l - 5 chunks of flesh


   Skills:
 * Level 1.4 Fighting
 + Level 1.9 Polearms
 * Level 1.0 Armour
 * Level 2.7 Dodging
 + Level 2.1 Stealth
 + Level 2.6 Spellcasting
 * Level 2.5 Conjurations
 * Level 5.2 Air Magic


You had 3 spell levels left.
You knew the following spells:

 Your Spells              Type           Power        Failure   Level  Hunger
a - Shock                 Conj/Air       ####         1%          1    None
b - Swiftness             Chrm/Air       ####....     1%          2    ##.....
c - Static Discharge      Conj/Air       ####....     1%          3    ###....

Your spell library contained the following spells:

 Spells                   Type           Power        Failure   Level  Hunger
 Airstrike                Air            #####.....   2%          4    ####...
 Lightning Bolt           Conj/Air       ####......   10%         5    ######.


Dungeon Overview and Level Annotations

Branches:
Dungeon (3/15)

Altars:
Ashenzari
Dithmenos
Kikubaaqudgha
Wu Jian


Innate Abilities, Weirdness & Mutations

You have a beak for a mouth.
You have claws for feet.
You can fly continuously.


Message History

* * * LOW HITPOINT WARNING * * *
You feel sick.
* * * LOW HITPOINT WARNING * * *
You feel sick.
You see here a scroll of identify.
There is a lethal amount of poison in your body!
There is a lethal amount of poison in your body!
* * * LOW HITPOINT WARNING * * *
You feel sick.
* * * LOW HITPOINT WARNING * * *
You feel sick.
Some of the chunks of flesh in your inventory have rotted away.
You see here a scroll of identify.
b - a scroll of identify
* * * LOW HITPOINT WARNING * * *
You feel sick.
You see here 2 scrolls labeled FEOTET XISERGHU.
As you read the scroll of identify, it crumbles to dust. 2 scrolls of magic mapping You die...

####.###.#..##......
#....# #....#.......
#....# ###..#⌠.#.'##
#...## #...#.#...#
##.## ##.....#...#
#.# #..##..#...# #.#
#.####..####
#.#####..# #......
#.@.....## #......#
#######.# #.######
#. ... ## ####


There were no monsters in sight!

Vanquished Creatures
  An iguana (D:2)
  A worker ant (D:5)
  2 adders
  An ooze (D:2)
  A worm (D:2)
  A dart slug (D:2)
  4 leopard geckos
  2 orcs (D:3)
  2 ball pythons (D:1)
  10 goblins
  5 hobgoblins
  13 jackals
  3 kobolds
  5 quokkas
  6 bats
  7 frilled lizards
  8 rats
72 creatures vanquished.

Notes
Turn   | Place    | Note
-------+----------+-------------------------------------------
     0 | D:1      | 15 the Tengu Air Elementalist began the quest for the Orb.
     0 | D:1      | Reached XP level 1. HP: 10/10 MP: 4/4
   198 | D:1      | Reached XP level 2. HP: 14/15 MP: 0/6
   202 | D:1      | Learned a level 2 spell: Swiftness
   587 | D:1      | Reached XP level 3. HP: 18/20 MP: 5/7
   664 | D:1      | Learned a level 3 spell: Static Discharge
   877 | D:2      | Reached skill level 5 in Air Magic
  1142 | D:2      | Reached XP level 4. HP: 20/24 MP: 0/8
  1229 | D:2      | Found an ancient bone altar of Kikubaaqudgha.
  1560 | D:2      | Reached skill level 1 in Polearms
  1585 | D:2      | Found an ornate altar of the Wu Jian Council.
  1628 | D:2      | Reached skill level 1 in Fighting
  1881 | D:3      | Gained mutation: You can fly continuously. [Tengu growth]
  1881 | D:3      | Reached XP level 5. HP: 29/29 MP: 4/9
  1896 | D:3      | Found a shadowy altar of Dithmenos.
  2143 | D:3      | You fall into a shaft and drop 2 floors!
  2143 | D:5      | Entered Level 5 of the Dungeon
  2144 | D:5      | Found a shattered altar of Ashenzari.
  2180 | D:5      | Reached skill level 1 in Armour
  2198 | D:5      | HP: 1/29 [poisoned by a worker ant]
  2204 | D:5      | Succumbed to a worker ant's poison

Levels and vault maps discovered:
D:1:      roderic_dead_forest, layout_basic, hangedman_decor_push
D:2:      layout_rooms, nicolae_overflow_hidden_temple,
          lemuel_coloured_pillars_altar, hangedman_abyss_or_decor_stabs
D:3:      layout_rooms, old_standard_altar, first_ration
D:5:      layout_loops_cross, evilmike_ruin_ashenzari, serial_shops, shop

Skill      XL: |  1  2  3  4  5 |
---------------+----------------+-----
Air Magic      | 5 |  5.2
Conjurations   | 2 |  2.5
Polearms       | 1 |  1.9
Fighting       | 1 |  1.4
Armour         | 1 |  1.0
Dodging        | |  2.7
Stealth        | |  2.1
Spellcasting   | |  2.6

Action                   |  1- 3 |  4- 6 || total
-------------------------+-------+-------++-------
Melee: Unarmed           |     1 |       ||     1
       Spear             |    26 |    42 ||    68
       Club              |     2 |       ||     2
       Kick              |     2 |     8 ||    10
       Peck              |     2 |     4 ||     6
       Short sword       |       |     7 ||     7
 Fire: Hunting sling     |     1 |       ||     1
 Cast: Shock             |    62 |    31 ||    93
       Static Discharge  |     1 |     6 ||     7
  Use: Scroll            |     2 |     4 ||     6
       Potion            |       |     4 ||     4
 Stab: Sleeping          |     1 |     1 ||     2
  Eat: Chunk             |     2 |     4 ||     6
Armor: Robe              |     7 |     7 ||    14
Dodge: Dodged            |    22 |    33 ||    55

Table legend:
 A = Non-vault XP
 B = Vault XP
 C = Vault XP percentage of total XP
 D = Non-vault monster count
 E = Vault monster count
 F = Vault count percentage of total count
                 A         B        C        D         E       F
            +---------+---------+-------+---------+---------+-------
      Total |     230 |       0 |   0.0 |      72 |       0 |   0.0
            +---------+---------+-------+---------+---------+-------
        D:1 |      54 |       0 |   0.0 |      31 |       0 |   0.0
        D:2 |     109 |       0 |   0.0 |      28 |       0 |   0.0
        D:3 |      35 |       0 |   0.0 |      12 |       0 |   0.0
        D:5 |      32 |       0 |   0.0 |       1 |       0 |   0.0
            +---------+---------+-------+---------+---------+-------
